 Dungeon Crawl Stone Soup version 0.29.0-4-gdea44cf6ec (webtiles) character file.

Game seed: 10711498203544355739

1 qw the Sneak (level 1, -5/14 HPs)
             Began as a Gargoyle Delver on Sept 10, 2022.
             Slain by a necrophage (6 damage)
             ... on level 4 of the Dungeon.
             The game lasted 00:00:03 (107 turns).

qw the Sneak (Gargoyle Delver)                       Turns: 107, Time: 00:00:03

Health: -5/14      AC:  5    Str: 15    XL:     1   Next: 20%
Magic:  1/1        EV: 11    Int: 10    God:
Gold:   0          SH:  0    Dex: 11    Spells: 0/0 levels left

rFire   . . .      SeeInvis .   a - +0 hand axe
rCold   . . .      Faith    .   (no shield)
rNeg    + . .      Spirit   .   b - +0 leather armour
rPois   inf        Reflect  .   (no helmet)
rElec   +          Harm     .   (no cloak)
rCorr   .          Rampage  .   (no gloves)
Will    .....                   (no boots)
Stlth   +++.......              (no amulet)
HPRegen 0.04/turn               (no ring)
MPRegen 0.07/turn               (no ring)

@: no status effects
A: sickness immunity, AC +2, negative energy resistance 1, electricity
resistance, torment resistance 1, petrification resistance
a: no special abilities


You were on level 4 of the Dungeon.
You visited 1 branch of the dungeon, and saw 2 of its levels.


Innate Abilities, Weirdness & Mutations

You are immune to sickness and miasma.
Your stone body is resilient. (AC +2)
You are immune to poison.
You resist negative energy. (rN+)
You are resistant to electric shocks. (rElec)
You are resistant to unholy torment.
You are immune to petrification.


   Skills:
 - Level 3.2 Fighting
 + Level 1.9 Axes
 - Level 1.5 Dodging
 - Level 5.4 Stealth


You couldn't memorise any spells.
You didn't know any spells.
Your spell library was empty.

Inventory:

Hand Weapons
 a - a +0 hand axe (weapon)
Armour
 b - a +0 leather armour (worn)
 c - a +0 cloak
Jewellery
 d - a ring of protection from fire
Wands
 g - a wand of digging (3)
Potions
 f - a potion of haste

Dungeon Overview and Level Annotations

Branches:
Dungeon (5/15)
 Temple: D:4-7

Altars:


Message History

There is an entrance to an ossuary on this level.
Hurry and find it before the portal is buried!
Found a stone staircase leading down.
There is a stone staircase leading down here.
Existing waypoints: (2) D:5 Assign waypoint to what number? (0-9, D - delete waypoint) Waypoint 1 assigned to D:4.
Enter note:
50 ||| PLANNING OSSUARY
Found a Young Poisoner's Handbook.
c - a +0 cloak;
d - a ring of protection from fire A goblin comes into view.
It is wielding a +0 dagger.
The goblin shouts!
You closely miss the goblin. The goblin hits you but does no damage.
You hit the goblin.
You kill the goblin!
Things that are here:
a +0 dagger; a goblin corpse A necrophage comes into view.
94 ||| Stepping ~*~*~tactically~*~*~ (stealth).
96 ||| Stepping ~*~*~tactically~*~*~ (stealth).
98 ||| Stepping ~*~*~tactically~*~*~ (stealth).
You hear the slow hiss of a very distant avalanche of sand.
You barely miss the necrophage.
The necrophage hits you but does no damage.
You hit the necrophage.
The necrophage is lightly damaged.
The necrophage hits you.
You barely miss the necrophage.
The necrophage is lightly damaged.
The necrophage hits you. The necrophage closely misses you.
You barely miss the necrophage.
The necrophage is lightly damaged.
The necrophage hits you!
Ouch! That really hurt!
You closely miss the necrophage.
The necrophage is lightly damaged.
The necrophage hits you.
You die...

.##.......##...###
.................#
.#######.###...#.#
#.# ##.##.# #.
#.##.# #. #.##.#
#.##.# ..##.# ##
#@#
......n........
###............
#.######.#### # .#
. . ##


You could see a necrophage.

Vanquished Creatures
  A goblin (D:4)
1 creature vanquished.

Notes
Turn   | Place    | Note
-------+----------+-------------------------------------------
     0 | D:5      | qw the Gargoyle Delver began the quest for the Orb.
     0 | D:5      | Reached XP level 1. HP: 14/14 MP: 1/1
     0 | D:5      | 0 ||| qw: Version: 0.1-a-116-g5d60599
     0 | D:5      | 0 ||| qw: Game counter: 9444
     0 | D:5      | 0 ||| qw: Always use a shield: true
     0 | D:5      | 0 ||| qw: God list: Okawaru
     0 | D:5      | 0 ||| qw: Allow faded altars: false
     0 | D:5      | 0 ||| qw: Do Orc after D:15 true
     0 | D:5      | 0 ||| qw: Do second Lair branch before Depths: true
     0 | D:5      | 0 ||| qw: Lair rune preference: random
     0 | D:5      | 0 ||| qw: Plans: Normal
     0 | D:5      | 0 ||| PLANNING D:1-11
    38 | D:5      | Noticed a hound
    39 | D:5      | 39 ||| Stepping ~*~*~tactically~*~*~ (stealth).
    40 | D:5      | 40 ||| DROPPING scroll of fog.
    41 | D:5      | 41 ||| DROPPING scroll of magic mapping.
    42 | D:5      | 42 ||| DROPPING scroll of fear.
    50 | D:4      | 50 ||| PLANNING OSSUARY
    93 | D:4      | Noticed a necrophage
    94 | D:4      | 94 ||| Stepping ~*~*~tactically~*~*~ (stealth).
    96 | D:4      | 96 ||| Stepping ~*~*~tactically~*~*~ (stealth).
    98 | D:4      | 98 ||| Stepping ~*~*~tactically~*~*~ (stealth).
   106 | D:4      | HP: 1/14 [necrophage (7)]
   107 | D:4      | Slain by a necrophage

Levels and vault maps discovered:
D:4:      layout_loops_ring, nicolae_ossuary_entry_monument,
          hangedman_abyss_or_decor_stagger, nrook_mini_vaults,
          minmay_misc_feat_four_crosses
D:5:      layout_basic, kennysheep_dice

Action                   || total
-------------------------++-------
Melee: Hand axe          ||     7
Armor: Leather armour    ||     2
Dodge: Dodged            ||     1

Table legend:
 A = Non-vault XP
 B = Vault XP
 C = Vault XP percentage of total XP
 D = Non-vault monster count
 E = Vault monster count
 F = Vault count percentage of total count
                 A         B        C        D         E       F
            +---------+---------+-------+---------+---------+-------
      Total |       2 |       0 |   0.0 |       1 |       0 |   0.0
            +---------+---------+-------+---------+---------+-------
        D:4 |       2 |       0 |   0.0 |       1 |       0 |   0.0
            +---------+---------+-------+---------+---------+-------
